 Dungeon Crawl Stone Soup version 0.27-a0-1557-g57f10a3 (webtiles) character file.

Game seed: 3383595283509329133

4299 Think the Slicer (level 10, -5/71 HPs)
             Began as an Octopode Fighter on July 15, 2021.
             Was a Priest of Trog.
             Killed from afar by an ophan (36 damage)
             ... with a bolt of fire
             ... on level 2 of the Abyss.
             The game lasted 00:18:06 (6772 turns).

Think the Slicer (Octopode Fighter)                 Turns: 6772, Time: 00:18:07

Health: -5/71      AC:  1    Str: 16    XL:     10   Next: 32%
Magic:  10/10      EV: 30    Int: 12    God:    Trog [***...]
Gold:   757        SH: 10    Dex: 19    Spells: 9/9 levels left

rFire    . . .     SeeInvis +   p - +0 dagger (speed)
rCold    . . .     Faith    .   b - +0 kite shield
rNeg     . . .     Spirit   .   (helmet restricted)
rPois    +         Reflect  .   q - amulet of the acrobat
rElec    .         Harm     .   g - +6 ring of dexterity
rCorr    .         Rampage  .   r - ring of poison resistance
Will     .....                  k - ring of see invisible
Stlth    ++........             m - ring of flight
HPRegen  0.21/turn              (no ring)
MPRegen  0.12/turn              (no ring)
                                (no ring)
                                (no ring)

@: acrobatic, flying, glowing
A: almost no armour, amphibious, 8 rings, camouflage 1, gelatinous body 1,
(nimble swimmer 1), tentacles
a: Renounce Religion, Berserk, Trog's Hand


You were on level 2 of the Abyss.
You worshipped Trog.
Trog was most pleased with you.
You visited 2 branches of the dungeon, and saw 8 of its levels.
You visited the Abyss 1 time.

You collected 757 gold pieces.

Inventory:

Hand Weapons
 a - a +0 rapier
 l - a +0 dagger of distortion
 p - a +0 dagger of speed (weapon)
 s - a +3 short sword
Missiles
 n - a curare-tipped dart (quivered)
Armour
 b - a +0 kite shield (worn)
Jewellery
 g - a +6 ring of dexterity (left tentacle)
 k - a ring of see invisible (on tentacle)
 m - a ring of flight (on tentacle)
 q - an amulet of the acrobat (around mantle)
 r - a ring of poison resistance (right tentacle)
 t - a ring of wizardry
Wands
 f - a wand of iceblast (5)
 j - a wand of polymorph (7)
Scrolls
 c - a scroll of fear {unknown}
 h - a scroll of enchant weapon {unknown}
 i - a scroll of teleportation
 o - 2 scrolls of amnesia {unknown}
 u - 2 scrolls of identify
Potions
 d - a potion of flight
 e - 2 potions of curing


   Skills:
 * Level 7.1 Fighting
 - Level 10.0 Short Blades
 + Level 5.8 Dodging
 + Level 5.3 Stealth
 * Level 6.3 Shields
 - Level 3.0 Evocations


You had 9 spell levels left.
You didn't know any spells.
Your spell library contained the following spells:

 Spells                   Type           Power      Damage    Failure   Level
 Ignite Poison            Fire/Tmut/Pois 0%         N/A       96%         3
 Mephitic Cloud           Conj/Pois/Air  0%         N/A       96%         3
 Bolt of Magma            Conj/Fire/Erth 0%         4d4       100%        5


Dungeon Overview and Level Annotations

Branches:
Dungeon (7/15)             Temple (1/1) D:6

Altars:
Ashenzari
Cheibriados
Dithmenos
Elyvilon
Fedhas
Gozag
Hepliaklqana
Kikubaaqudgha
Makhleb
Nemelex Xobeh
Okawaru
Qazlal
Ru
Sif Muna
Trog
Uskayaw
Vehumet
Wu Jian
Xom
Yredelemnul
Zin
The Shining One

Shops:
D:4 [   D:7 [


Innate Abilities, Weirdness & Mutations

You cannot wear most types of armour.
You are amphibious.
You can wear up to eight rings at the same time.
Your skin changes colour to match your surroundings (Stealth+).
Your rubbery body absorbs attacks. (AC +1, EV +1)
((You are camouflaged near water. (Stealth+)))
You have tentacles for arms and can constrict up to eight enemies at once.


Message History

Really unwield
l - a +0 dagger of distortion?
Your tentacles tingle!
p - a +0 dagger of speed (weapon)
You are cast into the Abyss!
To return, you must find a gate leading back.
Killing monsters will force the Abyss to allow you passage.
This branch contains the abyssal rune of Zot.
You feel yourself speed up.
You recover from your berserk rage.
HP restored.
A spatial vortex comes into view. x2
A spatial maelstrom comes into view.
A spatial vortex comes into view.
Found 22 gold pieces.
You now have 757 gold pieces (gained 22).
A ynoxinul comes into view.
Found a glowing cloak.
The ynoxinul bellows!
The ynoxinul gestures.
A sixfirhy comes into view.
A white imp comes into view.
The white imp shouts, "Run away, thou beslubbering nose-picking bum-bailey!"
The white imp gestures at you. You block the puff of frost.
A small abomination comes into view.
The white imp gestures at you. The puff of frost hits you!
The white imp gestures at you. You block the puff of frost.
The white imp gestures at you. The puff of frost misses you.
A tentacled starspawn comes into view.
An ophan comes into view.
The ophan turns its gaze towards you.
Found 38 gold pieces.
The ophan harnesses the cleansing power of fire!
The bolt of fire hits you!!
The ophan harnesses the cleansing power of fire!
The bolt of fire hits you!!!
Ouch! That really hurt!
You die...

#.
..#...##...###....
. ...##### #
#.#.... ##..####
###..####
###.#..##....#
#.G.#...#.##.
##.#..##...#.
#.#...........#
#.......#.#.
#...####.@..#$
#### #...#.#
.......##
#..##.... #.#
#.#... ..# ..###..
.# ... ..# ≈≈≈ ≈≈


You could see an ophan.

Vanquished Creatures
  A boulder beetle (D:7)
  A two-headed ogre (D:6)
  A troll (D:7)
  Sigmund (D:2)
  A wyvern (D:5)
  A vampire mosquito (D:7)
  2 water moccasins (D:6)
  An orc warrior (D:6)
  A sky beast (D:7)
  3 ice beasts (D:6)
  3 centaurs
  2 phantoms (D:6)
  A kobold brigand (D:6)
  2 bullfrogs
  A scorpion (D:6)
  A killer bee (D:6)
  A centaur zombie (D:7)
  2 howler monkeys
  A bullfrog zombie (D:6)
  2 hounds (D:6)
  A jelly (D:7)
  3 orc priests (D:7)
  A centaur skeleton (D:7)
  An iguana (D:6)
  4 orc wizards
  A killer bee zombie (D:7)
  A howler monkey zombie (D:6)
  4 adders
  A white imp (D:6)
  An ufetubus (D:6)
  3 worms
  A dart slug (D:2)
  16 orcs
  3 endoplasms
  2 giant cockroaches (D:1)
  2 goblins
  6 hobgoblins
  13 jackals
  8 kobolds
  A quokka (D:4)
  4 ball pythons
  6 bats
  3 frilled lizards
  6 rats
121 creatures vanquished.

Vanquished Creatures (others)
  47 plants (D:6)
47 creatures vanquished.

Grand Total: 168 creatures vanquished

Notes
Turn   | Place    | Note
-------+----------+-------------------------------------------
     0 | D:1      | Think the Octopode Fighter began the quest for the Orb.
     0 | D:1      | Reached XP level 1. HP: 16/16 MP: 1/1
   490 | D:1      | Reached XP level 2. HP: 21/21 MP: 2/2
   607 | D:1      | Reached skill level 3 in Short Blades
   811 | D:1      | Found a faded altar of an unknown god.
   835 | D:1      | Became a worshipper of Trog the Wrathful
   835 | D:1      | Reached * piety under Trog
  1208 | D:2      | Reached XP level 3. HP: 26/26 MP: 3/3
  1605 | D:2      | Reached skill level 4 in Short Blades
  1749 | D:2      | Noticed Sigmund
  1759 | D:2      | Killed Sigmund
  1759 | D:2      | Reached ** piety under Trog
  1760 | D:2      | Reached skill level 5 in Short Blades
  1760 | D:2      | Reached XP level 4. HP: 11/31 MP: 4/4
  1760 | D:2      | Reached XP level 5. HP: 13/36 MP: 5/5
  2331 | D:3      | Reached skill level 6 in Short Blades
  2467 | D:3      | Reached XP level 6. HP: 39/42 MP: 6/6
  3370 | D:4      | Found Koumug's Armour Shop.
  3501 | D:4      | Found a hide-covered altar of Uskayaw.
  3594 | D:4      | Found a hazy altar of Hepliaklqana.
  3837 | D:5      | Entered Level 5 of the Dungeon
  3841 | D:5      | Noticed a wyvern
  3845 | D:5      | Killed a wyvern
  3846 | D:5      | Reached skill level 7 in Short Blades
  3846 | D:5      | Reached XP level 7. HP: 40/46 MP: 7/7
  3956 | D:5      | You fall into a shaft and drop 1 floor!
  4010 | D:6      | Reached skill level 8 in Short Blades
  4283 | D:6      | Reached skill level 9 in Short Blades
  4283 | D:6      | Reached XP level 8. HP: 42/52 MP: 8/8
  4587 | D:6      | Found a staircase to the Ecumenical Temple.
  4625 | Temple   | Entered the Ecumenical Temple
  5187 | D:6      | Reached skill level 10 in Short Blades
  5187 | D:6      | Reached skill level 1 in Evocations
  5524 | D:6      | Reached XP level 9. HP: 42/58 MP: 9/9
  5633 | D:6      | Reached skill level 1 in Stealth
  5673 | D:6      | Noticed a two-headed ogre
  5678 | D:6      | Killed a two-headed ogre
  5679 | D:6      | Reached skill level 5 in Fighting
  5712 | D:6      | Reached skill level 5 in Dodging
  6183 | D:7      | Noticed a boulder beetle
  6197 | D:7      | Noticed a troll
  6199 | D:7      | Killed a boulder beetle
  6200 | D:7      | Reached skill level 5 in Shields
  6200 | D:7      | Reached XP level 10. HP: 69/69 MP: 10/10
  6235 | D:7      | Reached skill level 5 in Stealth
  6410 | D:7      | Found Culeidghumea's Armour Shop.
  6634 | D:7      | Reached *** piety under Trog
  6654 | D:7      | Cast into level 2 of the Abyss (unwielding a weapon of
                  | distortion)
  6706 | Abyss:2  | Noticed a spatial maelstrom
  6743 | Abyss:2  | Noticed a sixfirhy
  6760 | Abyss:2  | Noticed a tentacled starspawn
  6765 | Abyss:2  | Noticed an ophan
  6772 | Abyss:2  | Killed from afar by an ophan

Illustrated notes

Levels and vault maps discovered:
D:1:      evilmike_arrival_crescent, layout_loops_ring,
          ebering_ecumenical_altar_sacrificial, serial_glass, glass_columns_b,
          glass_columns_a
D:2:      layout_loops_ring, minmay_ruptured, uniq_sigmund
D:3:      layout_basic, serial_bayou_crossing
D:4:      layout_cave_pods, kennysheep_mini, serial_shops, shop,
          hangedman_decor_growths, minmay_misc_feat_four_crosses,
          kennysheep_flooded_box
D:5:      layout_loops_ring, nicolae_ossuary_entry_false_entrances,
          due_unseen_surprise
D:6:      minmay_polygon_palace, layout_loops_ring,
          minmay_temple_entry_purple_smoke, serial_bayou_lagoon_a
D:7:      minmay_cornered_nines, layout_basic, nicolae_stop_n_shop_2
Temple:   kilobyte_greek_temple
Abyss:2:  base: D:6, hangedman_elemental_corridor, bh_abyss_negative

Skill      XL: |  1  2  3  4  5  6  7  8  9 10 |
---------------+-------------------------------+-----
Short Blades   | 3 5 6 7 9 10 | 10.0
Evocations     | 3 |  3.0
Fighting       | 4 6 7 |  7.1
Dodging        | 4 5 |  5.8
Stealth        | 4 5 |  5.3
Shields        | 5 6 |  6.3

Action                   |  1- 3 |  4- 6 |  7- 9 | 10-12 || total
-------------------------+-------+-------+-------+-------++-------
Melee: Rapier            |    75 |    29 |       |       ||   104
       Constrict         |    18 |    10 |    19 |     9 ||    56
       Tentacles         |    15 |     8 |    29 |    11 ||    63
       Dagger            |       |    21 |   135 |    36 ||   192
Invok: Berserk           |       |     1 |     6 |     1 ||     8
       Trog's Hand       |       |     1 |       |     1 ||     2
  Use: Scroll            |     1 |       |     1 |     1 ||     3
       Potion            |       |     2 |     8 |       ||    10
 Stab: Sleeping          |     6 |     4 |     6 |     2 ||    18
       Distracted        |     1 |       |       |       ||     1
Armor: Skin              |     3 |     3 |    15 |     2 ||    23
Dodge: Dodged            |    34 |    15 |    60 |    19 ||   128
Block: Kite shield       |    27 |    21 |    51 |    24 ||   123

Table legend: (Time is in decaauts)
 A = Elapsed time spent in this place.
 B = Non-inter-level travel time spent in this place.
 C = Inter-level travel time spent in this place.
 D = Time resting spent in this place.
 E = Time spent auto-exploring this place.
 F = Levels seen in this place.
 G = Mean time per level.
                   A        B        C        D        E       F      G
               +--------+--------+--------+--------+--------+-----+--------+
         Total |   6814 |   6696 |    118 |   1068 |   4430 |   9 |  757.1 |
       Dungeon |   6491 |   6380 |    111 |   1068 |   4240 |   7 |  927.3 |
        Temple |    203 |    196 |      7 |      0 |    138 |   1 |  203.0 |
         Abyss |    119 |    119 |      0 |      0 |     51 |   1 |  119.0 |
               +--------+--------+--------+--------+--------+-----+--------+

Top non-repeatable levels by time:
     D:6: 1984 daAuts
     D:1: 1211 daAuts
     D:3: 996 daAuts
     D:2: 963 daAuts
     D:4: 699 daAuts
     D:7: 519 daAuts
  Temple: 203 daAuts
 Abyss:2: 119 daAuts
     D:5: 117 daAuts
